AoeStats
← mariozoovet

Arena

509313990Analyzed
3v3 RM · 5d ago on Sep 26, 2026· 42m 58s· 6 players
Game mode
Random Map
Map size
Normal (6 player)
Population
200
Speed
Normal
Resources
Standard
Victory
Conquest
Starting age
Dark Age
Ending age
Imperial Age
RankedLock teamsTeams togetherTeam positionsShared explorationLock speedFull tech treeHidden civsTurbo modeCheats
Victory
Defeat
🇷🇺 Lithuanians · Russia
875
+16
🇪🇸 Goths · Spain
869
+17
🇬🇧 Persians · United Kingdom
826
+18
🇮🇳 Italians · India
921
-18
🇮🇳 Varangians · India
867
-17
🇮🇳 Teutons · India
860
-16
mariozoovet
11:53 Feudal Age
11:25 Loom
17:05 Castle Age
27:07 Pikeman
32:02 Imperial Age
30:46 Squires
31:40 Forging
31:30 Scale Mail Armor
32:06 Capped Ram
33:23 Conscription
33:44 Perfusion
34:48 Horse Collar
36:34 Wheelbarrow
37:19 Halberdier
42:49 Anarchy
43:05 Heavy Plow
Etheling
5:56 Loom
11:30 Feudal Age
12:17 Horse Collar
12:25 Double-Bit Axe
12:32 Gold Mining
15:55 Wheelbarrow
19:05 Castle Age
20:15 Bow Saw
20:29 Heavy Plow
22:14 Forging
23:24 Fervor
23:37 Hand Cart
26:36 Scale Barding Armor
27:33 Husbandry
27:44 Bloodlines
29:12 Iron Casting
30:24 Chain Barding Armor
30:18 Stone Mining
31:19 Sanctity
34:01 Arson
36:49 Imperial Age
35:30 Masonry
37:10 Coinage
36:43 Caravan
37:10 Fortified Wall
37:40 Capped Ram
40:19 Plate Barding Armor
41:32 Two-Man Saw
40:09 Cavalier
43:31 Architecture
arminta1382
0:28 Loom
11:00 Feudal Age
11:28 Double-Bit Axe
11:26 Horse Collar
11:41 Gold Mining
15:19 Stone Mining
20:57 Castle Age
21:51 Heavy Plow
22:03 Bow Saw
22:30 Gold Shaft Mining
22:31 Stone Shaft Mining
25:30 Elite Skirmisher
30:51 Wheelbarrow
32:13 Hand Cart
35:01 Imperial Age
33:19 Caravan
36:42 Chemistry
36:14 Crop Rotation
36:45 Two-Man Saw
35:12 Cavalier
35:54 Husbandry
36:53 Bloodlines
36:53 Scale Barding Armor
36:58 Forging
38:48 Savar
41:02 Conscription
uchiha7itachi
12:15 Feudal Age
15:59 Castle Age
14:17 Double-Bit Axe
14:51 Horse Collar
17:03 Bow Saw
32:07 Imperial Age
33:52 Loom
34:32 Scale Barding Armor
34:38 Forging
CookieHunter
11:03 Feudal Age
11:12 Loom
15:05 Castle Age
14:01 Double-Bit Axe
14:57 Horse Collar
16:14 Bow Saw
28:06 Wheelbarrow
27:27 Gold Mining
28:00 Forging
29:22 Iron Casting
29:04 Bloodlines
28:57 Husbandry
29:15 Man-at-Arms
30:10 Scale Mail Armor
30:25 Long Swordsman
32:14 Chain Mail Armor
33:35 Hand Cart
38:11 Imperial Age
38:26 Two-Handed Swordsman
40:59 Blast Furnace
40:30 Plate Mail Armor
Ryuuji Kenshi
10:49 Feudal Age
11:55 Double-Bit Axe
14:27 Castle Age
12:48 Loom
14:10 Horse Collar
15:58 Bow Saw
23:01 Wheelbarrow
24:32 Hand Cart
24:36 Fletching
25:11 Bodkin Arrow
26:56 Ballistics
27:35 Treadmill Crane
28:10 Squires
28:13 Padded Archer Armor
31:27 Imperial Age
30:13 Leather Archer Armor
30:15 Masonry
30:09 Scale Mail Armor
30:14 Gold Mining
32:13 Silk Road
33:11 Chemistry
32:13 Bracer
31:36 Elite Genoese Crossbowman
32:37 Conscription
33:28 Chain Mail Armor
33:23 Forging
36:32 Ring Archer Armor
37:30 Iron Casting
37:25 Plate Mail Armor
Connection lost

Rejoining the realm…

Still unreachable

The connection could not be restored.

Session expired

The server has moved on; the page needs a fresh start.